 Dungeon Crawl Stone Soup version 0.30-b1-2-g02819fbbbe (webtiles) character file.

Game seed: 10198756571994919439

10227 raph the Covert (level 11, -8/54 (60) HPs)
             Began as a Kobold Enchanter on Jan 9, 2024.
             Was a Believer of Kikubaaqudgha.
             Mangled by a death yak (18 damage)
             ... on level 11 of the Dungeon.
             The game lasted 00:20:57 (11814 turns).

raph the Covert (Kobold Enchanter)                 Turns: 11814, Time: 00:20:57

HP:   -8/54 (60)    AC:  7    Str:  5    XL:     11   Next: 89%
MP:   20/20         EV: 19    Int: 20    God:    Kikubaaqudgha [**....]
Gold: 611           SH:  0    Dex: 17    Spells: 3/23 levels left

rFire   . . .        a - +3 dagger (pain)
rCold   . . .        (no shield)
rNeg    . . .        y - +2 robe {Will+}
rPois   .            (no helmet)
rElec   .            (no cloak)
rCorr   .            H - +2 pair of gloves
SInv    .            (no boots)
Will    +....        k - amulet of regeneration
Stlth   ++++++       u - +4 ring of slaying
HPRegen 1.09/turn    (no ring)
MPRegen 0.17/turn

%: no passive effects
@: heavily drained
A: small, no large weapons, nightstalker 3
a: Renounce Religion, Unearth Wretches


You were on level 11 of the Dungeon.
You worshipped Kikubaaqudgha.
Kikubaaqudgha was pleased with you.
You visited 2 branches of the dungeon, and saw 12 of its levels.

You collected 635 gold pieces.
You spent 24 gold pieces at shops.

Inventory:

Hand Weapons
 a - a +3 dagger of pain (weapon)
 b - a +5 short sword of holy wrath
 s - a +4 short sword of draining
 A - a +2 dagger of speed
 F - a +1 dagger of flaming
Missiles
 f - 19 poisoned darts (quivered)
 l - a throwing net
Armour
 d - a +1 robe
 y - a +2 robe of willpower (worn)
 H - a +2 pair of gloves (worn)
Jewellery
 k - an amulet of regeneration (around neck)
 u - a +4 ring of slaying (left hand)
 G - a ring of protection from fire
Wands
 v - a wand of flame (13)
 B - a wand of digging (6)
 C - a wand of mindburst (5)
 E - a wand of roots (24)
Scrolls
 n - a scroll of magic mapping
 p - 3 scrolls of blinking
 t - 2 scrolls of immolation
 x - 2 scrolls of enchant armour
 z - 3 scrolls of identify
 D - a scroll of teleportation
 I - a scroll of fear
Potions
 c - 2 potions of invisibility
 e - a potion of berserk rage
 g - a potion of magic
 h - 3 potions of mutation
 i - 2 potions of heal wounds
 j - 4 potions of haste
 m - 6 potions of curing
 o - 5 potions of cancellation
 q - 2 potions of flight
 r - a potion of brilliance
 w - 2 potions of lignification {unknown}
 J - a potion of degeneration {unknown}


   Skills:
 + Level 3.4 Fighting
 + Level 8.3 Short Blades
 + Level 7.8 Dodging
 * Level 13.1 Stealth
 + Level 6.6 Spellcasting
 * Level 9.4 Hexes
 + Level 6.0 Necromancy


You had 3 spell levels left.
You knew the following spells:

 Your Spells              Type           Power      Damage    Failure   Level
a - Ensorcelled Hibernat  Hex/Ice        50%        N/A       2%          2
b - Confusing Touch       Hex            44%        N/A       1%          3
c - Tukima's Dance        Hex            44%        N/A       1%          3
d - Dazzling Flash        Conj/Hex       50%        N/A       4%          3
e - Blink                 Tloc           12%        N/A       16%         2
f - Cause Fear            Hex            22%        N/A       1%          4
g - Necrotise             Necr           100%       1d9       1%          1
h - Cigotuvi's Dreadful   Necr/Pois/Air  28%        N/A       7%          2

Your spell library contained the following spells:

 Spells                   Type           Power      Damage    Failure   Level
 Kiss of Death            Conj/Necr      72%        2d10      2%          1
 Portal Projectile        Hex/Tloc       50%        N/A       4%          3
 Ozocubu's Armour         Ice            6%         N/A       30%         3
 Animate Dead             Necr           30%        N/A       9%          4
 Dispel Undead            Necr           30%        3d14      9%          4
 Animate Armour           Summ/Erth      12%        N/A       69%         4
 Manifold Assault         Tloc           6%         N/A       69%         4
 Death Channel            Necr           15%        N/A       77%         6
 Blade Hands              Tmut           3%         N/A       95%         5
 Iron Shot                Conj/Erth      3%         9d2       100%        6
 Dragon Form              Tmut           3%         N/A       100%        7
 Ozocubu's Refrigeration  Ice            3%         4d8       100%        7
 Storm Form               Tmut/Air       3%         N/A       100%        7
 Dragon's Call            Summ           3%         N/A       100%        9


Dungeon Overview and Level Annotations

Branches:
Dungeon (11/15)            Temple (1/1) D:6             Orc (0/2) D:10
   Lair: D:8-11

Altars:
Ashenzari
Cheibriados
Dithmenos
Elyvilon
Fedhas
Gozag
Hepliaklqana
Kikubaaqudgha
Makhleb
Nemelex Xobeh
Okawaru
Qazlal
Ru
Sif Muna
Trog
Uskayaw
Vehumet
Wu Jian
Xom
Yredelemnul
Zin
The Shining One

Shops:
D:7 *

Annotations:
D:5 2 transporters, Discosetron's ghost, novice DECj
D:10 exclusions: door and 1 more exclusion


Innate Abilities, Weirdness & Mutations

You are small and have problems with some larger weapons.
You are completely attuned to the shadows.


Message History

Casting: Dazzling Flash (dangerous; 4% risk of failure)
Confirm with . or Enter, or press ? or * to list all spells.
A part of your flesh rots into a cloud of miasma!
You feel drained. The death yak attacks as you move away!
The death yak closely misses you.
There is an open door here.
You hit the death yak.
The death yak writhes in agony.
The death yak is lightly wounded.
You puncture the death yak!
The death yak writhes in agony.
The death yak is lightly wounded.
The death yak gores you!
You barely miss the death yak. You punch the death yak.
The death yak is moderately wounded.
You puncture the death yak!
The death yak is moderately wounded.
The death yak closely misses you.
You hit the death yak.
The death yak writhes in agony.
The death yak is moderately wounded.
You hit the death yak.
The death yak writhes in agony.
The death yak is heavily wounded.
The death yak completely misses you.
You hit the death yak but do no damage.
The death yak writhes in agony.
The death yak is heavily wounded.
The death yak gores you!!
Ouch! That really hurt!
You hit the death yak.
The death yak writhes in agony.
The death yak is severely wounded.
You hit the death yak.
The death yak writhes in agony.
The death yak is severely wounded.
The death yak gores you!
* * * LOW HITPOINT WARNING * * *
You puncture the death yak!
The death yak writhes in agony.
The death yak is almost dead.
The death yak attacks as you move away! The death yak gores you.
* * * LOW HITPOINT WARNING * * *
You hit the death yak but do no damage.
The death yak writhes in agony.
The death yak is almost dead.
The death yak gores you!!
You die...
Kikubaaqudgha rasps: "You have failed me!
Welcome... death!"

#........# #.#.
#####'#### #.#. #..#
#### ###.## #...# #.###
# ######## ###'#### #
.......####......# #
.......YY@'......#######
#
.......####......'.....#
# ...>...#
#.<....#####.###
####'### #......# #...'
#.### #......# #####
#...# #......# # #.#.#
##<...## #.#... #.####
... .. ...


You could see 2 death yaks.

Vanquished Creatures
  A centaur warrior (D:9)
  A two-headed ogre (D:9)
  A wizard (D:10)
  Pikel (D:6)
  An ugly thing (D:9)
  A cyclops (D:10)
  A gargoyle (D:10)
  A troll (D:10)
  A hornet (D:6)
  Grinder (D:4)
  A slime creature (D:9)
  A shadow (D:9)
  9 yaks
  3 water moccasins
  3 large abominations (D:10)
  A sky beast (D:7)
  3 orc warriors
  2 ice beasts
  2 ogres (D:5)
  7 centaurs
  3 phantoms
  2 kobold brigands
  Blork the orc (D:5)
  7 scorpions
  3 bullfrogs
  3 wights (D:9)
  3 killer bees (D:9)
  5 small abominations (D:10)
  3 jellies
  7 orc priests
  2 hounds (D:5)
  2 iguanas
  7 orc wizards
  9 adders
  A shadow imp (D:6)
  2 white imps
  An ufetubus (D:6)
  A worm (D:2)
  5 dart slugs
  32 orcs
  8 ball pythons
  4 endoplasms
  5 giant cockroaches
  7 goblins
  10 hobgoblins
  11 jackals
  15 kobolds
  4 quokkas
  5 bats
  4 frilled lizards
  2 rats
216 creatures vanquished.

Vanquished Creatures (collateral kills)
  5 kobolds
5 creatures vanquished.

Vanquished Creatures (others)
  An orc (D:6)
  2 plants (D:7)
3 creatures vanquished.

Grand Total: 224 creatures vanquished

Notes
Turn   | Place    | Note
-------+----------+-------------------------------------------
     0 | D:1      | raph the Kobold Enchanter began the quest for the Orb.
     0 | D:1      | Reached XP level 1. HP: 10/10 MP: 3/3
    58 | D:1      | Reached XP level 2. HP: 11/15 MP: 5/5
    69 | D:1      | Learned a level 2 spell: Ensorcelled Hibernation
   498 | D:1      | Reached XP level 3. HP: 19/19 MP: 3/6
   589 | D:1      | Learned a level 3 spell: Confusing Touch
  1455 | D:2      | Reached XP level 4. HP: 24/24 MP: 7/7
  1583 | D:2      | Learned a level 3 spell: Tukima's Dance
  2351 | D:3      | Reached skill level 5 in Stealth
  2513 | D:3      | Found a hazy altar of Hepliaklqana.
  2558 | D:3      | Reached XP level 5. HP: 27/28 MP: 9/9
  2685 | D:3      | Identified the +2 leather armour of a wizard's laboratory
                  | {*Slow rF+++ Str+7}
  2782 | D:3      | Reached skill level 1 in Necromancy
  3199 | D:4      | You fall into a shaft and drop 3 floors!
  3306 | D:7      | Found a glowing silver altar of Zin.
  3323 | D:7      | Noticed a centaur
  3329 | D:7      | Killed a centaur
  3330 | D:7      | Reached XP level 6. HP: 24/32 MP: 5/10
  3387 | D:5      | Entered Level 5 of the Dungeon
  3550 | D:4      | Reached skill level 6 in Stealth
  3789 | D:4      | Reached XP level 7. HP: 36/36 MP: 11/11
  4061 | D:4      | Noticed Grinder
  4065 | D:4      | Killed Grinder
  4278 | D:4      | Reached skill level 7 in Stealth
  4278 | D:4      | Reached skill level 5 in Hexes
  4604 | D:5      | Noticed Blork the orc
  4608 | D:5      | Killed Blork the orc
  4609 | D:5      | Reached XP level 8. HP: 41/41 MP: 13/13
  4831 | D:5      | Learned a level 3 spell: Dazzling Flash
  4833 | D:5      | Found a transporter.
  4836 | D:5      | Noticed Discosetron's ghost (novice DECj)
  5112 | D:5      | Learned a level 2 spell: Blink
  5164 | D:5      | Reached skill level 8 in Stealth
  5204 | D:5      | Found a burning altar of Makhleb.
  5212 | D:5      | Found a shimmering altar of Xom.
  5214 | D:5      | Found a bloodstained altar of Trog.
  5224 | D:5      | Found a broken altar of Ashenzari.
  5230 | D:5      | Found an ornate altar of the Wu Jian Council.
  5399 | D:5      | Found a transporter.
  5569 | D:6      | Found a radiant altar of Vehumet.
  5600 | D:6      | Reached skill level 5 in Short Blades
  5600 | D:6      | Reached skill level 5 in Dodging
  5600 | D:6      | Reached XP level 9. HP: 26/45 MP: 1/15
  5944 | D:6      | Found a shimmering blue altar of Sif Muna.
  6058 | D:6      | Noticed Pikel
  6210 | D:6      | Found a staircase to the Ecumenical Temple.
  6216 | Temple   | Entered the Ecumenical Temple
  6230 | Temple   | Became a worshipper of Kikubaaqudgha
  6275 | D:6      | Reached skill level 9 in Stealth
  6500 | D:6      | Noticed a hornet
  6506 | D:6      | Killed a hornet
  6662 | D:6      | Killed Pikel
  7023 | D:6      | Reached skill level 10 in Stealth
  7377 | D:7      | Found Yvutazih's General Store.
  7382 | D:7      | Reached skill level 5 in Spellcasting
  7385 | D:7      | Reached XP level 10. HP: 50/50 MP: 17/17
  7386 | D:7      | Bought a scroll of identify for 24 gold pieces
  7652 | D:7      | Learned a level 4 spell: Cause Fear
  7838 | D:7      | Found a white marble altar of Elyvilon.
  8311 | D:8      | Reached * piety under Kikubaaqudgha
  8311 | D:8      | Received a gift from Kikubaaqudgha
  8315 | D:8      | Reached skill level 11 in Stealth
  8514 | D:8      | Learned a level 1 spell: Necrotise
  8562 | D:8      | Found a glowing golden altar of the Shining One.
  9249 | D:8      | Learned a level 2 spell: Cigotuvi's Dreadful Rot
  9393 | D:9      | Reached skill level 5 in Necromancy
  9516 | D:9      | Noticed a two-headed ogre
  9526 | D:9      | Killed a two-headed ogre
  9527 | D:9      | Reached skill level 1 in Fighting
  9654 | D:9      | Found an opulent altar of Gozag.
  9708 | D:9      | Noticed a red ugly thing
  9708 | D:9      | Noticed a centaur warrior
  9712 | D:9      | Killed a centaur warrior
  9713 | D:9      | Reached XP level 11. HP: 56/56 MP: 19/19
  9714 | D:9      | Killed a red ugly thing
  9715 | D:9      | Reached skill level 12 in Stealth
  9927 | D:9      | Found a shadowy altar of Dithmenos.
 10388 | D:9      | Reached ** piety under Kikubaaqudgha
 10492 | D:10     | Entered Level 10 of the Dungeon
 10807 | D:10     | Found a staircase to the Orcish Mines.
 10861 | D:10     | Noticed a wizard
 10865 | D:10     | Killed a wizard
 10866 | D:10     | Noticed a large abomination
 10868 | D:10     | Noticed a large abomination
 11032 | D:10     | Killed a large abomination
 11171 | D:10     | Reached skill level 13 in Stealth
 11605 | D:10     | Noticed a cyclops
 11609 | D:10     | Killed a cyclops
 11791 | D:11     | Noticed a death yak
 11792 | D:11     | Noticed a death yak
 11814 | D:11     | Mangled by a death yak

Illustrated notes

Levels and vault maps discovered:
D:1:      amcnicky_arrival_feature_with_door, layout_rooms, feat_on_display
D:2:      layout_basic, minmay_puff
D:3:      minmay_chambers_of_threes, layout_basic, amcnicky_altar_gilded
D:4:      layout_basic, ebering_dispersal_statue_hall, minmay_cupped,
          uniq_grinder
D:5:      layout_cave_pools, minmay_overflow_temple_star_hex,
          gammafunk_ghost_mausoleum, uniq_blork_the_orc
D:6:      layout_cave_pools, vehumet_crystals, mainiacjoe_overflow_24_doors,
          temple_pool_b, uniq_pikel
D:7:      layout_rooms, mainiacjoe_overflow_boulevard,
          nicolae_overflow_crystal_walls, enter_bailey_8,
          kennysheep_small_circle
D:8:      layout_rooms, overflow_temple_1_default
D:9:      layout_basic, nicolae_dithmenos_through_a_glass_darkly,
          nicolae_gozag_seed_capital, minmay_radiant
D:10:     layout_basic, nicolae_eternal_life, laboratory
D:11:     layout_roguey, dpeg_lair_monsters, ebering_ghost_funeral_grove
Temple:   hellmonk_temple_rainy

Skill      XL: |  1  2  3  4  5  6  7  8  9 10 11 |
---------------+----------------------------------+-----
Short Blades   | 2 3 4 5 6 7 8 |  8.3
Stealth        | 5 6 7 8 10 11 13 | 13.1
Dodging        | 3 4 5 6 7 |  7.8
Necromancy     | 1 2 3 4 5 6 |  6.0
Spellcasting   | 3 4 5 6 |  6.6
Hexes          | 4 5 6 7 8 9 |  9.4
Fighting       | 1 3 |  3.4

Action                     |  1- 3 |  4- 6 |  7- 9 | 10-12 || total
---------------------------+-------+-------+-------+-------++-------
  Melee: Dagger            |   108 |   155 |   170 |   190 ||   623
         Punch             |       |       |     2 |     5 ||     7
         Short sword       |       |       |       |    42 ||    42
   Cast: Ensorcelled Hiber |     6 |    11 |    32 |    39 ||    88
         Confusing Touch   |       |       |     5 |       ||     5
         Tukima's Dance    |       |       |     4 |     7 ||    11
         Dazzling Flash    |       |       |     3 |     8 ||    11
         Necrotise         |       |       |       |    11 ||    11
         Blink             |       |       |       |     2 ||     2
         Cigotuvi's Dreadf |       |       |       |     1 ||     1
  Evoke: Wand              |       |       |     1 |       ||     1
    Use: Scroll            |     2 |    13 |     7 |       ||    22
         Potion            |       |       |     2 |     2 ||     4
   Stab: Sleeping          |    13 |    31 |    38 |    37 ||   119
         Distracted        |     1 |     2 |       |       ||     3
         Confused          |       |       |     2 |       ||     2
         Invisible         |       |       |     2 |     6 ||     8
 Armour: Robe              |     9 |    17 |    20 |    19 ||    65
  Dodge: Dodged            |    67 |   111 |   152 |   159 ||   489
